EVO
RICE UNIVERSITY OWLS @ UNIVERSITY OF NORTH CAROLINA AT CHAPEL HILL TAR HEELS
09/03/2045
 
TOP OF THE 1ST
Rice University Owls batting - Pitching for University of North Carolina at Chapel Hill Tar Heels : RHP Michael Bastian
Pitching: RHP Michael Bastian
Batting: RHB Jeff Buchanan 0-0: Called Strike
0-1: SINGLE (Groundball, 3D, EV 102.5 MPH)
Batting: LHB Kazuyoshi Ikeda 0-0: Ball
1-0: Ball
2-0: Ball
3-0: Base on Balls
Jeff Buchanan to second
Batting: LHB Travis Hahn 0-0: Called Strike
0-1: Ball
1-1: Ball
2-1: Fly out, F9 (Flyball, 89D, EV 92.5 MPH)
Runner from 2nd tags up, SAFE at 3rd, no throw by RF
Batting: LHB Pedro Garza 0-0: Ball
1-0: Hit by Pitch
Kazuyoshi Ikeda to second
Batting: SHB Shawnie Codbucket 0-0: Ball
1-0: Foul Ball, location: 2F
1-1: Ball
2-1: Foul Ball, location: 2F
2-2: Ground out U3 (Groundball, 3S, EV 65.6 MPH)
Jeff Buchanan scores
Kazuyoshi Ikeda to third
Pedro Garza to second
Batting: RHB Logan Johnson 0-0: 3-RUN HOME RUN (Flyball, 9D, EV 95.0 MPH), Distance : 374 ft
Batting: RHB Yasutaka Yamasaki 0-0: Foul Ball, location: 2F
0-1: Fly out, F7 (Flyball, 7S, EV 85.6 MPH)
Top of the 1st over - 4 runs, 2 hits, 0 errors, 0 left on base; Rice University 4 - University of North Carolina at Chapel Hill 0
BOTTOM OF THE 1ST
University of North Carolina at Chapel Hill Tar Heels batting - Pitching for Rice University Owls : RHP Pat Sprague
Pitching: RHP Pat Sprague
Batting: LHB Timotheus Young 0-0: Ball
1-0: Called Strike
1-1: Swinging Strike
1-2: Strikes out swinging
Batting: RHB Cesar Rendon 0-0: Called Strike
0-1: Called Strike
0-2: Ball
1-2: Foul Ball, location: 2F
1-2: Foul Ball, location: 2F
1-2: Foul Ball, location: 2F
1-2: Strikes out swinging
Batting: LHB Ramon Garduno 0-0: Called Strike
0-1: Ball
1-1: Ball
2-1: Fly out, F7 (Flyball, 7, EV 71.9 MPH)
Bottom of the 1st over - 0 runs, 0 hits, 0 errors, 0 left on base; Rice University 4 - University of North Carolina at Chapel Hill 0
TOP OF THE 2ND
Rice University Owls batting - Pitching for University of North Carolina at Chapel Hill Tar Heels : RHP Michael Bastian
Batting: RHB Jordan Dugue 0-0: Ground out 1-3 (Groundball, 13S, EV 69.4 MPH)
Batting: RHB Nhat Phong 0-0: Ball
1-0: Ground out 5-3 (Groundball, 56, EV 99.4 MPH)
Batting: RHB Jeff Buchanan 0-0: Ball
1-0: Ball
2-0: Foul Ball, location: 2F
2-1: DOUBLE (Line Drive, 9LS, EV 95.6 MPH)
Batting: LHB Kazuyoshi Ikeda 0-0: Called Strike
0-1: Called Strike
0-2: Foul Ball, location: 2F
0-2: Ball
1-2: Strikes out swinging
Top of the 2nd over - 0 runs, 1 hit, 0 errors, 1 left on base; Rice University 4 - University of North Carolina at Chapel Hill 0
BOTTOM OF THE 2ND
University of North Carolina at Chapel Hill Tar Heels batting - Pitching for Rice University Owls : RHP Pat Sprague
Batting: LHB Danny de Leon 0-0: Called Strike
0-1: Fly out, F9 (Flyball, 9LD, EV 100.0 MPH)
Batting: RHB Akira Kubo 0-0: Ball
1-0: Ground out 4-3 (Groundball, 34, EV 96.2 MPH)
Batting: SHB Dan Strickland 0-0: Ball
1-0: Ball
2-0: SINGLE (Groundball, 4MD, EV 98.1 MPH)
Batting: RHB Jaylen Buckley 0-0: Fly out, F5 (Line Drive, 5, EV 68.8 MPH)
Bottom of the 2nd over - 0 runs, 1 hit, 0 errors, 1 left on base; Rice University 4 - University of North Carolina at Chapel Hill 0
TOP OF THE 3RD
Rice University Owls batting - Pitching for University of North Carolina at Chapel Hill Tar Heels : RHP Michael Bastian
Batting: LHB Travis Hahn 0-0: Ball
1-0: Called Strike
1-1: Foul Ball, location: 2LF, Error on foul ball, E2
1-2: Strikes out looking
Batting: LHB Pedro Garza 0-0: Ball
1-0: SOLO HOME RUN (Flyball, 89XD, EV 100.0 MPH), Distance : 424 ft
Batting: SHB Shawnie Codbucket 0-0: Called Strike
0-1: Ball
1-1: Fly out, F8 (Flyball, 78M, EV 88.8 MPH)
Batting: RHB Logan Johnson 0-0: DOUBLE (Flyball, 78XD, EV 109.4 MPH)
Batting: RHB Yasutaka Yamasaki 0-0: Swinging Strike
0-1: Foul Ball, location: 2F
0-2: Ground out 5-3 (Groundball, 5S, EV 88.1 MPH)
Top of the 3rd over - 1 run, 2 hits, 1 error, 1 left on base; Rice University 5 - University of North Carolina at Chapel Hill 0
BOTTOM OF THE 3RD
University of North Carolina at Chapel Hill Tar Heels batting - Pitching for Rice University Owls : RHP Pat Sprague
Batting: RHB Juan Medina 0-0: Called Strike
0-1: Ground out 3-1 (Groundball, 34S, EV 67.5 MPH)
Batting: RHB Juan Casillas 0-0: Ground out U3 (Groundball, 3L, EV 87.5 MPH)
Batting: LHB Timotheus Young 0-0: Ball
1-0: Swinging Strike
1-1: Called Strike
1-2: Strikes out swinging
Bottom of the 3rd over - 0 runs, 0 hits, 0 errors, 0 left on base; Rice University 5 - University of North Carolina at Chapel Hill 0
TOP OF THE 4TH
Rice University Owls batting - Pitching for University of North Carolina at Chapel Hill Tar Heels : RHP Michael Bastian
Batting: RHB Jordan Dugue 0-0: Called Strike
0-1: Swinging Strike
0-2: Ball
1-2: Ball
2-2: Strikes out swinging
Batting: RHB Nhat Phong 0-0: Called Strike
0-1: Hit by Pitch
Batting: RHB Jeff Buchanan 0-0: Foul Ball, location: 2F
0-1: Ball
1-1: Ball
2-1: Called Strike
2-2: Fly out, F8 (Flyball, 8RS, EV 86.9 MPH)
Batting: LHB Kazuyoshi Ikeda 0-0: SINGLE (Line Drive, 78S, EV 96.9 MPH)
Nhat Phong to second
Pitching: RHP Tony Nateras
Batting: LHB Travis Hahn 0-0: Ball
1-0: Ball
2-0: SINGLE (Flyball, 5D, EV 86.2 MPH)
Nhat Phong to third
Kazuyoshi Ikeda to second
Runner from 3rd tries for Home, SAFE, throw by LF to home
Batting: LHB Pedro Garza 0-0: Ball
1-0: Swinging Strike
1-1: Foul Ball, location: 2F
1-2: DOUBLE (Line Drive, 89XD, EV 106.9 MPH)
Kazuyoshi Ikeda scores
Travis Hahn to third
Batting: SHB Shawnie Codbucket 0-0: Ball
1-0: Ball
2-0: Swinging Strike
2-1: Ball
3-1: Foul Ball, location: 2F
3-2: Foul Ball, location: 2F
3-2: Base on Balls
Batting: RHB Logan Johnson 0-0: Ball
1-0: Foul Ball, location: 2F
1-1: Ball
2-1: Fly out, F7 (Flyball, 7, EV 75.6 MPH)
Top of the 4th over - 2 runs, 3 hits, 0 errors, 3 left on base; Rice University 7 - University of North Carolina at Chapel Hill 0
BOTTOM OF THE 4TH
University of North Carolina at Chapel Hill Tar Heels batting - Pitching for Rice University Owls : RHP Pat Sprague
Batting: RHB Cesar Rendon 0-0: Ball
1-0: Foul Ball, location: 2F
1-1: SINGLE (Line Drive, 7LS, EV 93.8 MPH)
Batting: LHB Ramon Garduno 0-0: Foul Ball, location: 2F
0-1: Ball
1-1: SINGLE (Line Drive, 5D, EV 95.6 MPH)
Cesar Rendon to second
Batting: LHB Danny de Leon 0-0: Ball
1-0: Foul Ball, location: 2F
1-1: Ball
2-1: Swinging Strike
2-2: SINGLE (Groundball, 4D, EV 108.8 MPH)
Cesar Rendon to third
Ramon Garduno to second
Batting: RHB Akira Kubo 0-0: Ball
1-0: Fielders Choice at 2nd, 5-4 (Groundball, 56, EV 84.4 MPH)
Cesar Rendon scores
Ramon Garduno to third
Batting: SHB Dan Strickland 0-0: Called Strike
0-1: Fly out, F4 (Popup, 3DF, EV 58.1 MPH)
Batting: RHB Jaylen Buckley 0-0: Ball
1-0: Foul Ball, location: 2F
1-1: Swinging Strike
1-2: Strikes out swinging
Bottom of the 4th over - 1 run, 3 hits, 0 errors, 2 left on base; Rice University 7 - University of North Carolina at Chapel Hill 1
TOP OF THE 5TH
Rice University Owls batting - Pitching for University of North Carolina at Chapel Hill Tar Heels : RHP Tony Nateras
Batting: RHB Yasutaka Yamasaki 0-0: Foul Ball, location: 2F
0-1: Called Strike
0-2: Foul Ball, location: 2F
0-2: Foul Ball, location: 2F
0-2: Ball
1-2: Fly out, F8 (Line Drive, 8LM, EV 93.8 MPH)
Batting: RHB Jordan Dugue 0-0: Called Strike
0-1: Ball
1-1: Ball
2-1: Fly out, F9 (Flyball, 9, EV 90.0 MPH)
Batting: RHB Nhat Phong 0-0: Called Strike
0-1: Ground out 5-3 (Groundball, 5, EV 86.9 MPH)
Top of the 5th over - 0 runs, 0 hits, 0 errors, 0 left on base; Rice University 7 - University of North Carolina at Chapel Hill 1
BOTTOM OF THE 5TH
University of North Carolina at Chapel Hill Tar Heels batting - Pitching for Rice University Owls : RHP Pat Sprague
Batting: RHB Juan Medina 0-0: Ball
1-0: Ball
2-0: Ground out 5-3 (Groundball, 15, EV 92.5 MPH)
Batting: RHB Juan Casillas 0-0: Ball
1-0: Called Strike
1-1: Called Strike
1-2: Foul Ball, location: 2F
1-2: Ball
2-2: Foul Ball, location: 2F
2-2: Ball
3-2: Strikes out looking
Batting: LHB Timotheus Young 0-0: Ball
1-0: Called Strike
1-1: Ball
2-1: SINGLE (Groundball, 6D, EV 97.5 MPH)
Batting: RHB Cesar Rendon 0-0: Called Strike
Timotheus Young steals 2nd base
0-1: Ground out 5-3 (Groundball, 5, EV 84.4 MPH)
Bottom of the 5th over - 0 runs, 1 hit, 0 errors, 1 left on base; Rice University 7 - University of North Carolina at Chapel Hill 1
TOP OF THE 6TH
Rice University Owls batting - Pitching for University of North Carolina at Chapel Hill Tar Heels : RHP Tony Nateras
Batting: RHB Jeff Buchanan 0-0: SINGLE (Line Drive, 89S, EV 94.4 MPH)
Batting: LHB Kazuyoshi Ikeda 0-0: Ball
1-0: Ball
2-0: Ball
3-0: Base on Balls
Jeff Buchanan to second
Batting: LHB Travis Hahn 0-0: Ball
1-0: Foul Ball, location: 2F
1-1: DOUBLE (Line Drive, 7LS, EV 98.8 MPH)
Jeff Buchanan scores
Kazuyoshi Ikeda to third
Runner from 3rd tries for Home, SAFE, throw by LF to home
Batting: LHB Pedro Garza 0-0: Ball
1-0: Ball
2-0: 2-RUN HOME RUN (Flyball, 89XD, EV 115.6 MPH), Distance : 427 ft
Batting: SHB Shawnie Codbucket 0-0: Fly out, F8 (Flyball, 8RD, EV 103.1 MPH)
Batting: RHB Logan Johnson 0-0: Ball
1-0: Called Strike
1-1: Foul Ball, location: 2F
1-2: Ball
2-2: Foul Ball, location: 2F
2-2: Ball
3-2: Foul Ball, location: 2F
3-2: Fly out, F9 (Flyball, 9S, EV 84.4 MPH)
Batting: RHB Yasutaka Yamasaki 0-0: Ball
1-0: Ball
2-0: Ground out 5-3 (Groundball, 5, EV 109.4 MPH)
Top of the 6th over - 4 runs, 3 hits, 0 errors, 0 left on base; Rice University 11 - University of North Carolina at Chapel Hill 1
BOTTOM OF THE 6TH
University of North Carolina at Chapel Hill Tar Heels batting - Pitching for Rice University Owls : RHP Pat Sprague
Batting: LHB Ramon Garduno 0-0: Ball
1-0: Called Strike
1-1: Foul Ball, location: 2F
1-2: Ball
2-2: Ball
3-2: Foul Ball, location: 2F
3-2: Base on Balls
Batting: LHB Danny de Leon 0-0: Foul Ball, location: 2F
0-1: Called Strike
0-2: Ball
1-2: SINGLE (Groundball, 34, EV 97.5 MPH)
Ramon Garduno to second
Batting: RHB Akira Kubo 0-0: Called Strike
0-1: Swinging Strike
0-2: Ball
1-2: Hit by Pitch
Ramon Garduno to third
Danny de Leon to second
Batting: SHB Dan Strickland 0-0: Swinging Strike
0-1: Foul Ball, location: 2F
0-2: Ball
1-2: Ball
2-2: Foul Ball, location: 2F
2-2: Foul Ball, location: 2F
2-2: Grounds into double play, 5-4-3 (Groundball, 56, EV 84.4 MPH)
Ramon Garduno scores
Danny de Leon to third
Pitching: RHP Jaylen Parks
Batting: RHB Jaylen Buckley 0-0: Ball
1-0: Ball
2-0: Ball
3-0: Called Strike
3-1: Base on Balls
Batting: RHB Juan Medina 0-0: Foul Ball, location: 2F
0-1: Ball
1-1: Ball
2-1: Foul Ball, location: 2F
2-2: Foul Ball, location: 2F
2-2: Ball
3-2: Base on Balls
Jaylen Buckley to second
Batting: RHB Juan Casillas 0-0: Ball
1-0: Called Strike
1-1: Foul Ball, location: 2F
1-2: Strikes out swinging
Bottom of the 6th over - 1 run, 1 hit, 0 errors, 3 left on base; Rice University 11 - University of North Carolina at Chapel Hill 2
TOP OF THE 7TH
Rice University Owls batting - Pitching for University of North Carolina at Chapel Hill Tar Heels : RHP Tony Nateras
Pitching: LHP Matt DeGrado
Batting: RHB Jordan Dugue 0-0: Fly out, F3 (Line Drive, 3, EV 76.2 MPH)
Batting: RHB Nhat Phong 0-0: Ball
1-0: Ground out 6-3 (Groundball, 6S, EV 67.5 MPH)
Pinch Hitting: LHB Kenny Jackson 0-0: Foul Ball, location: 2F
0-1: Ball
1-1: Foul Ball, location: 2F
1-2: Foul Ball, location: 2F
1-2: Strikes out swinging
Top of the 7th over - 0 runs, 0 hits, 0 errors, 0 left on base; Rice University 11 - University of North Carolina at Chapel Hill 2
BOTTOM OF THE 7TH
University of North Carolina at Chapel Hill Tar Heels batting - Pitching for Rice University Owls : RHP Jaylen Parks
Now in RF: Kenny Jackson
Batting: LHB Timotheus Young 0-0: Ball
1-0: Ball
2-0: Ball
3-0: Base on Balls
Batting: RHB Cesar Rendon 0-0: Called Strike
Timotheus Young steals 2nd base
0-1: Swinging Strike
0-2: Ball
1-2: Fly out, F8 (Flyball, 89D, EV 105.6 MPH)
Runner from 2nd tags up, SAFE at 3rd, no throw by CF
Pitching: RHP Jamie Riley
Batting: LHB Ramon Garduno 0-0: Foul Ball, location: 2F
0-1: Ball
1-1: Ball
2-1: Ball
3-1: Base on Balls
Batting: LHB Danny de Leon 0-0: Foul Ball, location: 2F
0-1: Ball
1-1: SINGLE (Groundball, 6D, EV 101.2 MPH)
Timotheus Young scores
Ramon Garduno to second
Batting: RHB Akira Kubo 0-0: Called Strike
0-1: Fielders Choice at 2nd, 5-4 (Groundball, 56S, EV 84.4 MPH)
Ramon Garduno to third
Batting: SHB Dan Strickland 0-0: Called Strike
0-1: Swinging Strike
0-2: Fly out, F7 (Flyball, 7, EV 86.2 MPH)
Bottom of the 7th over - 1 run, 1 hit, 0 errors, 2 left on base; Rice University 11 - University of North Carolina at Chapel Hill 3
TOP OF THE 8TH
Rice University Owls batting - Pitching for University of North Carolina at Chapel Hill Tar Heels : LHP Matt DeGrado
Batting: LHB Kazuyoshi Ikeda 0-0: Swinging Strike
0-1: Ball
1-1: Foul Ball, location: 2F
1-2: Ball
2-2: Hit by Pitch
Batting: LHB Travis Hahn 0-0: Called Strike
0-1: Ball
1-1: Ball
2-1: Ball
3-1: Fielders Choice at 2nd, 1-6 (Groundball, 13S, EV 65.0 MPH)
Batting: LHB Pedro Garza 0-0: Ball
1-0: Ball
2-0: Called Strike
2-1: Foul Ball, location: 2F
2-2: Strikes out swinging
Batting: SHB Shawnie Codbucket 0-0: Fielders Choice at 2nd, 5-4 (Groundball, 5, EV 82.5 MPH)
Top of the 8th over - 0 runs, 0 hits, 0 errors, 1 left on base; Rice University 11 - University of North Carolina at Chapel Hill 3
BOTTOM OF THE 8TH
University of North Carolina at Chapel Hill Tar Heels batting - Pitching for Rice University Owls : RHP Jamie Riley
Batting: RHB Jaylen Buckley 0-0: Ball
1-0: Ball
2-0: Foul Ball, location: 2F
2-1: Foul Ball, location: 2F
2-2: Ball
3-2: Fly out, F8 (Flyball, 8RXD, EV 96.9 MPH)
Batting: RHB John Norton 0-0: Foul Ball, location: 2F
0-1: Swinging Strike
0-2: Foul Ball, location: 2F
0-2: Ball
1-2: Ball
2-2: Ball
3-2: Foul Ball, location: 2F
3-2: Base on Balls
Pitching: LHP Edwin Arias
Batting: RHB Juan Casillas 0-0: SINGLE (Flyball, 89M, EV 90.6 MPH)
John Norton to second
Batting: LHB Timotheus Young 0-0: Called Strike
0-1: Fly out, F4 (Popup, 13S, EV 91.9 MPH)
Batting: RHB Cesar Rendon 0-0: Called Strike
0-1: SINGLE (Groundball, P, EV 83.8 MPH) (infield hit)
John Norton to third
Juan Casillas to second
Batting: LHB Ramon Garduno 0-0: Called Strike
0-1: Ball
1-1: Ball
2-1: Foul Ball, location: 2F
2-2: Ball
3-2: Foul Ball, location: 2F
3-2: Base on Balls
John Norton scores
Juan Casillas to third
Cesar Rendon to second
Batting: LHB Danny de Leon 0-0: Ball
1-0: Called Strike
1-1: Ball
2-1: Ball
3-1: Called Strike
3-2: Strikes out swinging
Bottom of the 8th over - 1 run, 2 hits, 0 errors, 3 left on base; Rice University 11 - University of North Carolina at Chapel Hill 4
TOP OF THE 9TH
Rice University Owls batting - Pitching for University of North Carolina at Chapel Hill Tar Heels : LHP Matt DeGrado
Batting: RHB Logan Johnson 0-0: Called Strike
0-1: Ball
1-1: Foul Ball, location: 2F
1-2: Foul Ball, location: 2F
1-2: Foul Ball, location: 2F
1-2: Ball
2-2: Ball
3-2: Fly out, F3 (Popup, 3, EV 66.2 MPH)
Batting: RHB Yasutaka Yamasaki 0-0: Called Strike
0-1: Swinging Strike
0-2: Ball
1-2: Ball
2-2: Ball
3-2: Fly out, F7 (Line Drive, 7, EV 90.0 MPH)
Pinch Hitting: RHB Tony Escamilla 0-0: Called Strike
0-1: Swinging Strike
0-2: Ground out 4-3 (Groundball, 4, EV 87.5 MPH)
Top of the 9th over - 0 runs, 0 hits, 0 errors, 0 left on base; Rice University 11 - University of North Carolina at Chapel Hill 4
BOTTOM OF THE 9TH
University of North Carolina at Chapel Hill Tar Heels batting - Pitching for Rice University Owls : LHP Edwin Arias
Now at SS: Yuya Hirata
Batting: RHB Akira Kubo 0-0: Ball
1-0: Ball
2-0: Ball
3-0: Called Strike
3-1: Base on Balls
Pinch Hitting: RHB R.J. Gomez 0-0: Fielders Choice at 2nd, 6-4 (Groundball, 6, EV 102.5 MPH)
Pitching: RHP Terry Newitt
Batting: RHB Jaylen Buckley 0-0: Ball
1-0: Swinging Strike
1-1: Ball
2-1: Ball
3-1: Grounds into double play, 5-4-3 (Groundball, 56, EV 88.1 MPH)
Bottom of the 9th over - 0 runs, 0 hits, 0 errors, 0 left on base; Rice University 11 - University of North Carolina at Chapel Hill 4
Wednesday, June 22nd , 2022 - OOTP Baseball 23.4 Build 64